[Event "85th Tata Steel Masters 2023"]
[Site "Wijk aan Zee"]
[Date "2023.01.20"]
[Round "6.7"]
[White "Caruana, Fabiano"]
[Black "Gukesh D"]
[Result "1-0"]
[ECO "D38"]
[WhiteElo "2766"]
[BlackElo "2725"]
[Annotator "TA"]
[PlyCount "71"]
[EventDate "2023.01.10"]
[EventType "tourn"]
[EventCountry "NED"]
[SourceTitle "playchess.com"]
[Source "ChessBase"]
[SourceQuality "1"]
[TimeControl "40/6000+30:30/3000+30:900+30"]

1. d4 Nf6 2. c4 e6 3. Nf3 d5 4. Nc3 Bb4 5. Qa4+ Nc6 6. e3 O-O 7. Qc2 {[%emt 0:00:12] D38: Queen's Gambit Declined: Ragozin Defence (4 Nf3 Bb4).} Ne7 8. Bd2 b6 9. a3 {[%emt 0:00:15] The position is equal.} Bxc3 10. Bxc3 Ba6 11. b3 Rc8 {[%emt 0:15:00] [#]} 12. Rd1 $146 ({Predecessor:} 12. Bd3 Nf5 13. O-O Nd6 14. Bb4 c5 15. dxc5 bxc5 16. Bc3 dxc4 17. bxc4 h6 18. Rfd1 {½-½ Grachev,B (2639)-Bluebaum,M (2605) Moscow Aeroflot op-A 15th 2016 (3)}) 12... c5 13. dxc5 Rxc5 14. Qb2 $1 {[%emt 0:14:10] White is more active.} Qc8 (14... Rc8 $16) 15. Bxf6 $18 gxf6 16. Qxf6 Ng6 {[%emt 0:00:27][%cal Rd5c4] [#]} 17. h4 $1 dxc4 18. h5 {[%emt 0:03:43] h6 would kill now.} Rf5 19. Qc3 Ne7 20. bxc4 $40 {[%emt 0:21:55][%mdl 128] White wants a kill.} ({Don't play} 20. Bxc4 $6 Bxc4 21. bxc4 f6 $16) (20. e4 $18 {and White stays clearly on top.} Rf4 21. Qe3 (21. Qe5 Rg4 $16)) 20... f6 $16 21. Be2 Rc5 {[%emt 0:07:04][%cal Oe7d5] [#]} 22. Nd2 $1 {[%emt 0:00:29] aiming for Ne4.} Bb7 {[%emt 0:02:02] Against Ne4} 23. Rh4 e5 24. Ne4 Bxe4 25. Rxe4 Qe6 26. Qd2 Ra5 (26... f5 $16 {is a better defense.} 27. Rh4 Nc6) 27. Rg4+ $18 Kf7 $2 (27... Kh8 28. Qd7 Qxd7 29. Rxd7 Re8) 28. h6 {[%emt 0:04:11] White wants to mate with Rg7+.} Ng6 {[%emt 0:00:05] [#]} 29. c5 $1 Rxc5 30. Qd7+ {[%emt 0:00:05][%mdl 64] Skewer} Qxd7 31. Rxd7+ Kg8 32. Rxa7 Rc1+ 33. Kd2 Rh1 34. Rb4 Rxh6 35. Rxb6 ({Don't take} 35. Bc4+ Kh8 36. Rxb6 e4 $18) 35... Rh2 36. Rbb7 {[%emt 0:02:22] Weighted Error Value: White=0.10 (very precise) /Black=0.24 (precise)} 1-0

[Event "85th Tata Steel Masters 2023"]
[Site "Wijk aan Zee"]
[Date "2023.01.21"]
[Round "7.3"]
[White "Maghsoodloo, Parham"]
[Black "Caruana, Fabiano"]
[Result "1/2-1/2"]
[ECO "D38"]
[WhiteElo "2719"]
[BlackElo "2766"]
[Annotator "TA"]
[PlyCount "212"]
[EventDate "2023.01.10"]
[EventType "tourn"]
[EventCountry "NED"]
[SourceTitle "playchess.com"]
[Source "ChessBase"]
[SourceQuality "1"]
[TimeControl "40/6000+30:30/3000+30:900+30"]

1. d4 Nf6 2. c4 e6 3. Nf3 d5 4. Nc3 Bb4 5. Bg5 h6 6. Bxf6 Qxf6 7. Qa4+ Nc6 8. e3 O-O 9. Be2 Qe7 10. cxd5 exd5 11. O-O Be6 12. Rac1 Rfd8 13. a3 Bd6 14. Nb5 a6 15. Nxd6 Qxd6 16. Qb3 Rdb8 17. Ne1 Ne7 18. Nd3 c6 19. Nc5 Bf5 20. f3 (20. Nxb7 $2 Qc7 $19) 20... a5 21. Qc3 (21. Nxb7 $2 Qd7 22. Bd1 Rxb7 $19) 21... b6 22. Na4 Ra7 23. Rfe1 Rc7 24. Bf1 Qd7 25. e4 Be6 26. b3 Ng6 27. Rcd1 Qe7 28. Qb2 dxe4 29. fxe4 Rd7 30. b4 axb4 31. axb4 Qd8 32. Qc3 (32. b5 $5 c5 33. d5 $11) 32... Ra8 33. Nb2 $1 (33. Qxc6 Rc7 34. Qxb6 (34. Qb5 $2 Bd7 $19 {[%mdl 64] Skewer}) 34... Rxa4 $17) 33... b5 34. Qxc6 Rxd4 35. Qxb5 Rc8 36. Qa5 Rxd1 (36... Qd6 $15 37. Qa7 Rxd1 38. Rxd1 Qxb4) 37. Rxd1 $11 Qf6 38. Nd3 Rc2 39. Qb6 Kh7 40. b5 Qc3 41. Ne1 Rb2 42. Qd4 Qb3 (42... Qxd4+ $11 43. Rxd4 Ne5) 43. e5 $1 $16 Nxe5 44. Qxe5 (44. Ra1 $1 $16 Ng6 45. Bd3) 44... Qxd1 $11 45. Qxb2 Qxe1 46. b6 Bd5 47. h3 f5 48. Qf2 (48. b7 $5 Qe3+ $8 49. Kh1 Qxh3+ 50. Kg1 Qe3+ 51. Kh1 Qh3+ 52. Kg1 Qe3+ 53. Kh1 Qh3+ $11) 48... Qb1 49. Kh2 Be4 50. Bc4 Qd1 51. Bf1 Qb1 52. h4 Qb4 53. h5 Qd6+ 54. Kh3 f4 55. Kg4 Bb1 56. Qb2 Qe6+ 57. Kxf4 Qf5+ 58. Ke3 Qxf1 59. b7 Qe1+ 60. Kd4 Qe4+ 61. Kc5 Qe7+ 62. Kb6 $2 (62. Kc4 $1 $11 {and White is okay.} Qc7+ 63. Kd5 Qd8+ 64. Kc5 Qe7+ 65. Kc4 (65. Kb6 Qe3+ 66. Kc7 Qc5+ 67. Kd8 Qd6+ 68. Ke8 Qb8+ 69. Kf7 Ba2+ 70. Qxa2 Qg8+ 71. Ke7 Qxa2 $17) 65... Qh4+ 66. Kc5 (66. Kb5 $2 Bd3+ 67. Kc6 Be4+ 68. Kb6 Qd8+ 69. Ka6 Bd3+ 70. Ka7 Qa5+ 71. Kb8 Qxh5 $19) 66... Qg5+ 67. Kd6 Qd8+ 68. Kc5 Qg5+ 69. Kd6 Qd8+ 70. Kc5) 62... Qe3+ $1 $19 63. Kc7 Qc5+ $1 64. Kd8 Qd6+ $1 65. Ke8 Qb8+ 66. Kf7 {[%emt 0:00:00] [#]} Ba2+ $1 67. Qxa2 {[%emt 0:00:00] [#]} Qg8+ $1 ({Weaker is} 67... Qxb7+ 68. Ke6 $17) 68. Ke7 Qxa2 69. b8=Q Qe2+ ({Inferior is} 69... Qxg2 70. Qb1+ Kh8 71. Qb8+ Kh7 72. Qb1+ g6 73. Qd3 $11) 70. Kf8 Qxh5 ({Worse is} 70... Qxg2 71. Qb1+ Kh8 72. Qb8 $11) 71. Qb1+ (71. Qc8 $17 {is a better defense.}) 71... Qg6 $19 72. Qf1 h5 73. Qf2 Qe4 74. Kf7 (74. g3 {was forced.}) 74... h4 $19 75. Qd2 Qf5+ 76. Ke8 Kg6 77. Qd6+ Kh5 78. Qd1+ Kh6 79. Qd2+ g5 80. Qd4 $2 (80. Qe3) 80... Kh5 81. Ke7 g4 82. Kd6 $2 (82. Qc3) 82... Kg5 $19 83. Qg1 Qd3+ 84. Ke5 Qe2+ 85. Kd4 Qd2+ 86. Ke4 Qf4+ 87. Kd3 Qf5+ 88. Kd2 Qd5+ 89. Ke2 Qa2+ $2 (89... Qc4+ $19 90. Kd2 Qf4+ 91. Ke2 Qc4+ 92. Kd2 h3 93. gxh3 Qf4+ 94. Ke2 g3) 90. Kd3 $15 Qb3+ 91. Kd2 Qb2+ 92. Kd3 Qa3+ 93. Ke2 h3 ({Better is} 93... Qa6+ $17 94. Kd2 Qd6+ 95. Ke2 Qe5+ 96. Kd3 Qf4) 94. gxh3 $11 Qxh3 95. Qf2 Qh7 96. Qg3 Qf5 97. Ke1 Qf6 98. Ke2 Kh5 99. Ke1 Kg5 100. Ke2 Qf4 101. Qxf4+ Kxf4 102. Kf2 g3+ 103. Kg2 Kg4 104. Kg1 Kh3 105. Kh1 g2+ 106. Kg1 Kg3 1/2-1/2

[Event "85th Tata Steel Masters 2023"]
[Site "Wijk aan Zee"]
[Date "2023.01.24"]
[Round "9.1"]
[White "Keymer, Vincent"]
[Black "Abdusattorov, Nodirbek"]
[Result "1/2-1/2"]
[ECO "D34"]
[WhiteElo "2696"]
[BlackElo "2713"]
[Annotator "TA"]
[PlyCount "177"]
[EventDate "2023.01.10"]
[EventType "tourn"]
[EventCountry "NED"]
[SourceTitle "playchess.com"]
[Source "ChessBase"]
[SourceQuality "1"]
[TimeControl "40/6000+30:30/3000+30:900+30"]

1. c4 c5 2. Nf3 Nf6 3. Nc3 Nc6 4. g3 e6 5. Bg2 d5 6. cxd5 exd5 7. d4 Be7 {[%emt 0:00:15] 7...cxd4 is more fashionable.} 8. a3 {[%emt 0:08:23] D34: Tarrasch Defence: 6 g3 Nf6 7 Bg2 Be7.} c4 9. Bg5 O-O 10. e3 {[%emt 0:01:16] [#]} Bf5 $146 ({Predecessor:} 10... Ne8 11. Bxe7 Nxe7 12. Ng1 b5 13. Nge2 a6 14. b3 Rb8 15. Nf4 Bb7 16. O-O Nf6 17. bxc4 dxc4 {½-½ Bluebaum,M (2673)-L'Ami,E (2634) Dortmund GER Grand Prix 2022 (5)}) 11. Ne5 Nd7 12. Nxd7 Qxd7 13. h4 Be6 14. Bxe7 Nxe7 15. O-O Bh3 16. Bxh3 Qxh3 17. Re1 Qd7 18. h5 f5 19. a4 Rf6 20. b3 cxb3 21. Qxb3 Rh6 22. Qb5 Rd8 23. Qxd7 Rxd7 24. a5 Rxh5 25. Reb1 Rh6 26. Na4 Rc7 27. Rb5 Rhc6 28. Rab1 Rc1+ 29. Rxc1 Rxc1+ $16 {[%emt 0:00:04][%mdl 4096] Endgame KRN-KRN} 30. Kg2 Rc7 31. Nc5 b6 32. axb6 axb6 33. Rxb6 Ra7 34. Rd6 g6 35. Nd3 Rb7 36. Kf3 Kf7 37. Ne5+ Kg7 38. Nd3 (38. Nd7 $16) 38... h6 $2 (38... Kf7 $1 $11 {and Black is okay.}) 39. Nf4 ({White should play} 39. Kf4 $1 $18) 39... Rb5 40. Ne6+ Kf7 41. Nc5 Rb2 42. Nd3 Rb3 43. Ne5+ Kg7 44. Rd7 Kf6 45. Ra7 {[%emt 0:00:00] White is more active.} Rb2 (45... Rb1 $16 46. Kg2 h5 47. Nd7+ Kf7 48. Ne5+ Kf6 49. Ra6+ Kg7) 46. g4 $18 g5 (46... Rc2 $16 {is a better defense.} 47. Ra6+ Kg7 48. gxf5 gxf5) 47. Kg3 ({Better is} 47. Ra6+ $18 Kg7 48. gxf5 {[%mdl 64] Deflection} Nxf5 49. Rg6+ Kh7 50. Rf6 Nh4+ 51. Kg4) 47... f4+ 48. exf4 gxf4+ 49. Kf3 (49. Kxf4 Rxf2+ 50. Ke3 Rb2 $14) 49... Rd2 50. Ra6+ (50. Kxf4 $6 Rxd4+ 51. Kf3 Nc8 52. Nd7+ Kg5 $11) 50... Kg7 51. Rb6 (51. Ra4 $16) 51... Rxd4 $11 52. Rb7 Kf6 {[%emt 0:00:00] [#]} 53. Rxe7 $1 {[%emt 0:00:00][%mdl 64] Remove Defender, Decoy. KRN-KR} Re4 $1 54. Rh7 Kxe5 55. Rxh6 {[%emt 0:00:00] KR-KR} Rb4 56. Rh5+ Kd4 (56... Ke6 $11 {remains equal.}) 57. Rh8 (57. Kxf4 Kc3+ 58. Kf3 d4 $11) (57. Rf5 $142 $1 Rb1 58. Kxf4 (58. Rxf4+ Kc3 $11)) 57... Ke5 $16 58. Re8+ Kf6 59. Rf8+ Kg6 60. Rf5 $1 d4 61. Rd5 (61. Kxf4 $6 d3+ 62. Ke3 Rd4 $11) 61... Kf6 62. Ke4 $1 d3+ $2 63. Kf3 $1 $18 Ke6 64. Rxd3 Ke5 65. Ra3 Rb5 66. Kg2 $2 (66. Ra6 Rb3+ 67. Kg2) 66... Kf6 67. Ra8 $2 (67. Rh3 $1 $18 Rb8 68. Rh5) 67... Rb3 $2 (67... Kg5 $11) 68. Ra5 Kg6 69. Rf5 Ra3 $2 (69... Rb4 $16) 70. f3 $1 (70. Rxf4 Kg5 71. Re4 Kh4 $16) 70... Ra4 71. Kh3 Rb4 72. Kh4 Ra4 73. Rf8 $2 (73. Rg5+ $1 $18 Kh7 74. Rh5+ Kg6 75. g5) 73... Kg7 $1 $11 74. Rf5 $2 (74. Rd8 $11 Ra3 75. Kg5 Rxf3 76. Rd7+ Kf8 77. Kg6) 74... Kg6 $1 $18 {[%emt 0:00:04] [#]} 75. Rg5+ $1 Kh7 {[%emt 0:00:05] [#]} 76. Rh5+ $1 Kg6 77. g5 Ra1 78. Rh6+ Kf5 79. Rf6+ Ke5 80. Rb6 $2 (80. Rf7 $18 Rb1 81. Kh5) 80... Rh1+ $11 {[%emt 0:02:10] The position is equal.} 81. Kg4 {[%emt 0:00:08] Black must now prevent Rb3.} Rg1+ 82. Kh5 Rg3 $1 83. Rb3 {[%emt 0:01:02] Threatens to win with Kg6.} Kf5 $1 84. Rb5+ Ke6 85. g6 Rxf3 (85... Rh3+ $2 86. Kg4 Rh2 87. Kxf4 $18) 86. g7 Rg3 87. Kh6 f3 88. Rb8 Rh3+ (88... f2 $2 89. Rf8 $18 (89. g8=B+ Rxg8 90. Rb6+ Ke5 91. Rb5+ Kd4 92. Rb4+ Ke3 93. Kh7 f1=Q 94. Kxg8 Qf5 95. Rb8 Qe6+ 96. Kh7 Qh3+ 97. Kg7 Qg3+ 98. Kf6 Qxb8 99. Kf7 Kf4 100. Kg6 Kg4 101. Kg7 Kf5 102. Kf7 Qb7+ 103. Ke8 Ke6 104. Kf8 Qf7#)) 89. Kg6 {[%emt 0:00:30] Black escapes into a draw.   Weighted Error Value: White=0.12 (very precise) /Black=0.21 (precise)} (89. Kg5 $5 Rg3+ $8 90. Kh6 (90. Kf4 Rxg7 91. Kxf3 Rh7 $11) 90... Rh3+ 91. Kg6 (91. Kg5 Rg3+ 92. Kh6 $11) 91... Rg3+ 92. Kh7 $11) 1/2-1/2

[Event "85th Tata Steel Masters 2023"]
[Site "Wijk aan Zee"]
[Date "2023.01.24"]
[Round "9.2"]
[White "Ding, Liren"]
[Black "Giri, Anish"]
[Result "0-1"]
[ECO "A14"]
[WhiteElo "2811"]
[BlackElo "2764"]
[Annotator "TA"]
[PlyCount "74"]
[EventDate "2023.01.10"]
[EventType "tourn"]
[EventCountry "NED"]
[SourceTitle "playchess.com"]
[Source "ChessBase"]
[SourceQuality "1"]
[TimeControl "40/6000+30:30/3000+30:900+30"]

1. Nf3 d5 2. g3 Nf6 3. Bg2 e6 4. O-O Be7 5. c4 O-O 6. b3 d4 7. e3 c5 {[%emt 0:00:13] A14: English Opening: 1...e6 with b3 by White.} 8. Ne5 {[%emt 0:00:46] Prevents Nc6.} Qc7 9. f4 Nbd7 {[%emt 0:00:15] The position is equal.} (9... Nfd7 10. Nf3 Nc6 11. Na3 a6 12. exd4 cxd4 13. d3 b5 14. Bb2 Qb6 15. Kh1 Bb7 16. Nc2 Bf6 17. Ba3 b4 18. Bb2 a5 19. g4 {½-½ Ding,L (2809)-Giri,A (2797) Shenzhen Du Te Cup 3rd 2019 (3)}) 10. Nd3 e5 11. Na3 a6 $1 12. Bb2 Bd6 $1 {[%emt 0:01:30] [#]} 13. g4 $146 ({Predecessor:} 13. Nc2 Re8 14. Kh1 Qd8 15. Nf2 Nf8 16. b4 exf4 17. exf4 Be6 18. d3 Qd7 19. bxc5 Bxc5 {0-1 Malikentzos,S (2432)-Koutoukidis,P (2412) GRE-ch 69th Thessaloniki 2019 (6)}) 13... exf4 14. g5 Ne8 (14... f3 15. Qxf3 Ne8 16. exd4 cxd4 17. Rae1 $18) 15. Nxf4 ({But not} 15. exf4 Nb6 $11) 15... dxe3 16. dxe3 Be5 17. Qc2 Nd6 18. Rad1 $1 Re8 19. Nb1 ({Much weaker is} 19. Nd5 $6 Qd8 $11) 19... a5 20. a4 ({Better is} 20. Nc3 $16) 20... Bxb2 $14 21. Qxb2 (21. Nd5 {feels hotter.} Qd8 22. Qxb2 Ne5 23. Qf2) 21... Ne5 22. Nc3 {[%emt 0:00:42] Hoping for Ncd5.} (22. Qf2 {is interesting.} Bg4 23. Nd5 Qd8 24. Rd2) 22... Bg4 23. Rd5 Nf5 24. Rd2 (24. Nb5 $14 Qe7 25. Qf2) 24... Nxe3 ({Black should play} 24... Qb8 $15 25. Ncd5 Nh4) 25. Ncd5 $11 Nxd5 26. Nxd5 Qb8 27. h3 (27. Qc3 {is more complex.} Ng6 28. h3 Be6 29. Be4) 27... Be6 28. Nf4 (28. Qc3 $11 {keeps the balance.}) 28... Bxc4 $1 $17 29. Rff2 (29. bxc4 $142 Nxc4 30. Qc3 Nxd2 31. Qxd2) 29... Ba6 $1 30. Nh5 {[%emt 0:00:15][%cal Od2d7] [#]} Re7 {[%emt 0:10:43] Prevents Rd7.} (30... Qc7 $1 $19 {...Rad8 would be deadly.} 31. Rf5 c4 32. bxc4 Bxc4) 31. Rd5 {[%emt 0:06:24][%cal Of2f5] [#]} Qc7 $1 32. Rf5 {[%emt 0:03:30] Loses the game.} (32. Qc3 $17) 32... Rae8 $19 33. Qc3 b6 34. Nf6+ $2 (34. Qg3 Kh8 35. Kh2) 34... gxf6 {[%emt 0:00:07] Black is clearly winning.} 35. gxf6 {[%emt 0:00:02] [#]} Nf3+ $1 36. Rxf3 Re1+ 37. Bf1 Kh8 {[%emt 0:01:54] A cool game by Giri.   Weighted Error Value: White=0.53/Black=0.12 (very precise)} 0-1

[Event "85th Tata Steel Masters 2023"]
[Site "Wijk aan Zee"]
[Date "2023.01.24"]
[Round "9.3"]
[White "Maghsoodloo, Parham"]
[Black "So, Wesley"]
[Result "1/2-1/2"]
[ECO "E24"]
[WhiteElo "2719"]
[BlackElo "2760"]
[Annotator "TA"]
[PlyCount "61"]
[EventDate "2023.01.10"]
[EventType "tourn"]
[EventCountry "NED"]
[SourceTitle "playchess.com"]
[Source "ChessBase"]
[SourceQuality "1"]
[TimeControl "40/6000+30:30/3000+30:900+30"]

1. d4 Nf6 2. c4 e6 3. Nc3 Bb4 4. Nf3 O-O 5. a3 Bxc3+ 6. bxc3 {[%emt 0:00:06] [#]} c5 $1 7. g3 {[%emt 0:00:05] 7.Qc2 is a critical line. E24: Nimzo-Indian: Sämisch: Unusual Black 5th moves and 5...c5 sidelines.} (7. Qc2 d5) 7... Qa5 {[%emt 0:01:18] [#]} 8. Bg2 $146 ({Predecessor:} 8. Bd2 b6 9. Bg2 Bb7 10. O-O Qa6 11. Bg5 Ne4 12. Qd3 d5 13. cxd5 Qxd3 14. exd3 Nxc3 15. dxc5 Bxd5 {½-½ Petkov,P (2189)-Parushev,A (2318) BUL-ch51 email 2016}) 8... cxd4 9. Qxd4 {[%emt 0:05:43] Black is slightly better.} Nc6 10. Qd3 b6 11. O-O Ba6 12. Bg5 Rac8 13. Bxf6 $1 gxf6 14. Nd2 Ne5 15. Qd4 Kg7 (15... Bxc4 16. f4 $16) 16. f4 Nc6 17. Bxc6 (17. Qxd7 $2 Rfd8 $19) 17... Rxc6 18. Ne4 {[%emt 0:03:07] Prevents Qc5. c5 would be deadly.} Qf5 19. Rf3 (19. g4 $11 Qg6 20. Nd6) 19... h5 (19... Rxc4 20. Nd6 Qc5 21. Nxc4 Bxc4 22. e4 $14) 20. h3 {[%emt 0:05:39] [#]} ({Better is} 20. Nd6 $15 Qc5 21. Qxc5 Rxc5 22. Rd3) 20... d5 $1 $17 (20... Qxh3 $2 21. Qxf6+ Kh7 22. Ng5+ Kg8 23. Nxh3 $18) (20... Rxc4 21. Nd6 Qc5 22. Nxc4 Bxc4 23. e4 $14) (20... Bxc4 $6 21. g4 hxg4 22. hxg4 $11) 21. cxd5 (21. Nd2 $17) 21... exd5 $19 22. Nf2 Bxe2 (22... Qc8 $17 {Strongly threatening ...Rc4.} 23. g4 Rc4) 23. Re3 $15 Qc2 24. Re1 Ba6 {[%emt 0:00:05] Hoping for ...Rd8.} (24... Bb5 $5) 25. Qxd5 (25. g4 $5 ) 25... Rxc3 26. Qxh5 {[%emt 0:00:06] Threatens to win with Qg4+.} Rxe3 27. Qg4+ {[%emt 0:00:08] The position is equal.} Kh6 28. Qh4+ $1 (28. Rxe3 $2 {loses.} Qc1+ 29. Kh2 (29. Nd1 $2 Rd8 $19) 29... Rc8 $19) 28... Kg7 29. Qg4+ Kh6 30. Qh4+ $1 (30. Rxe3 $2 {too greedy.} Qc1+ 31. Kh2 (31. Nd1 $2 Rd8 $19) 31... Rc8 $19) 30... Kg7 31. Qg4+ {[%emt 0:00:03] Weighted Error Value: White=0.12 (very precise) /Black=0.16 (very precise)} 1/2-1/2

[Event "85th Tata Steel Masters 2023"]
[Site "Wijk aan Zee"]
[Date "2023.01.24"]
[Round "9.4"]
[White "Carlsen, Magnus"]
[Black "Gukesh D"]
[Result "1/2-1/2"]
[ECO "D38"]
[WhiteElo "2859"]
[BlackElo "2725"]
[Annotator "TA"]
[PlyCount "91"]
[EventDate "2023.01.10"]
[EventType "tourn"]
[EventCountry "NED"]
[SourceTitle "playchess.com"]
[Source "ChessBase"]
[SourceQuality "1"]
[TimeControl "40/6000+30:30/3000+30:900+30"]

1. d4 Nf6 2. c4 e6 3. Nf3 d5 4. Nc3 Bb4 5. cxd5 exd5 6. Bf4 {[%emt 0:00:12] D38: Queen's Gambit Declined: Ragozin Defence (4 Nf3 Bb4).} Ne4 {[%emt 0:04:06] The modern move.} 7. Rc1 ({Don't play} 7. Qa4+ Nc6 8. Rc1 O-O $15) 7... Nd7 8. Nd2 Nxc3 9. bxc3 Ba3 10. Rb1 Nb6 {[%emt 0:00:09] [#]} 11. e3 $146 ({Predecessor:} 11. Qc2 Bd7 12. e3 Qe7 13. Bb5 c6 14. Bd3 c5 15. dxc5 Bxc5 16. Nb3 Bd6 17. O-O {½-½ Xiong,J (2684)-Swiercz,D (2667) Saint Louis Summer-A 2019 (10)}) 11... Bf5 {[%emt 0:02:18] Repels Qc2} 12. Rb3 Bd6 13. Bg3 O-O 14. Nf3 c5 15. dxc5 Bxc5 16. Bd3 Be4 17. O-O Qe7 18. Qb1 Rac8 19. Rd1 Rfd8 20. Bh4 f6 21. Bg3 Bxd3 22. Rxd3 Qe4 23. Nd2 Qf5 24. h4 Re8 25. Rb5 Qg6 26. Bf4 Bf8 27. Ra5 {[%emt 0:05:32] Repels Na4} a6 28. e4 Nc4 (28... dxe4 $2 29. Rg3 Qf7 30. Qxb6 $18) 29. Raxd5 Nxd2 30. Bxd2 Qxe4 31. R5d4 Qe6 32. Qxb7 Qxa2 33. h5 Qf7 34. Qf3 (34. Qxf7+ {simplifies} Kxf7 35. Ra4 Rcd8 36. Rxd8 Rxd8 37. Be3) 34... h6 35. Rd7 (35. Rd5 {simplifies} Rc5 36. Be3 Rxd5 37. Rxd5 Qe6 38. Ra5) 35... Qe6 36. Qg3 (36. Be3 {simplifies} Qe4 37. Qxe4 Rxe4 38. R3d5) 36... Qf5 37. Qg6 (37. Bxh6 $2 {perishes.} Re1+ 38. Kh2 Qxh5+ 39. Qh3 Qxh3+ 40. Kxh3 Rh1+ 41. Kg4 Rxh6 $19) 37... Qxg6 38. hxg6 Ra8 39. R3d4 f5 40. c4 a5 {[%emt 0:01:53] aiming for ...a4.} 41. R4d5 (41. c5 $11) 41... a4 $15 {[%emt 0:03:51] Hoping for ...a3.} 42. Bc3 a3 {[%emt 0:02:54] And now ...a2 would win.} 43. Rxf5 {[%emt 0:00:14] [#]} a2 (43... Re7 $1 $17 44. Rf7 Rxd7 45. Rxd7 a2) 44. Rxf8+ $1 $11 {[%emt 0:00:07] The position is equal.} Kxf8 45. Rf7+ Kg8 46. Rxg7+ {[%emt 0:00:11] Weighted Error Value: White=0.05 (flawless) /Black=0.06 (flawless)} 1/2-1/2

[Event "85th Tata Steel Masters 2023"]
[Site "Wijk aan Zee"]
[Date "2023.01.24"]
[Round "9.5"]
[White "Praggnanandhaa R"]
[Black "Caruana, Fabiano"]
[Result "1/2-1/2"]
[ECO "D38"]
[WhiteElo "2684"]
[BlackElo "2766"]
[Annotator "TA"]
[PlyCount "117"]
[EventDate "2023.01.10"]
[EventType "tourn"]
[EventCountry "NED"]
[SourceTitle "playchess.com"]
[Source "ChessBase"]
[SourceQuality "1"]
[TimeControl "40/6000+30:30/3000+30:900+30"]

1. d4 Nf6 2. c4 e6 3. Nf3 d5 4. Nc3 Bb4 5. Qa4+ Nc6 6. e3 O-O 7. Qc2 {[%emt 0:00:07] D38: Queen's Gambit Declined: Ragozin Defence (4 Nf3 Bb4).} b6 8. Bd2 Ne7 9. a3 {[%emt 0:01:26] [#]} Bd6 $146 ({Predecessor:} 9... Bxc3 10. Bxc3 a5 11. cxd5 exd5 12. Bd3 Ba6 {½-½ Iniyan,P (2556)-Pichot,A (2641) Tashkent President op 2nd 2022 (3)}) 10. b4 {[%emt 0:14:48][%cal Bb2b4,Bb4c5][%mdl 32] And now c5 would win.} c6 11. c5 bxc5 12. bxc5 Bc7 13. Bd3 Ng6 14. Ne2 e5 15. dxe5 Nxe5 16. Nxe5 Bxe5 17. Bc3 Bxc3+ 18. Qxc3 Ba6 {[%emt 0:00:19][%mdl 64] [#] Deflection} 19. O-O Bxd3 20. Qxd3 Ne4 21. Qa6 Qd7 22. Nd4 Rfc8 23. Qa5 Rab8 24. Rab1 g6 25. Rb4 Ng5 26. Qa6 Rxb4 27. axb4 Ne6 28. Nc2 Rb8 29. h3 Qc7 30. Ra1 Rb7 31. Qa4 Kg7 32. Rd1 Kg8 33. Qa3 Qe5 34. Qa6 Rc7 35. Qa1 Qe4 36. Qc3 h5 37. Ra1 Rd7 38. Rd1 Rb7 39. Ra1 Rd7 $1 {[%emt 0:00:11] The position is equal.} 40. Nd4 Nxd4 41. Qxd4 Qxd4 (41... Rb7 {is more complex.} 42. Qf6 Qxb4 43. Qxc6 d4) 42. exd4 $11 {[%emt 0:00:13][%mdl 4096] Endgame KR-KR} Kg7 43. Kf1 Rb7 44. Ra4 Re7 45. f3 Re3 $1 46. Rxa7 {[%emt 0:00:00] aiming for Ra6.} Rd3 47. Ra6 Rxd4 48. Rb6 Kf8 49. Ke2 Ke7 50. Ke3 Rc4 $1 51. Rxc6 {[%emt 0:00:00] Strongly threatening b5.} Rxb4 52. Rd6 Rb2 53. g4 Rb3+ 54. Kf4 hxg4 55. hxg4 Rd3 56. g5 d4 57. Ke4 {[%emt 0:00:00][%mdl 64] [#] Deflection} Re3+ 58. Kf4 Rd3 59. Ke4 {[%emt 0:00:00][%csl LRd3,LRd4][%mdl 64] Deflection.   Weighted Error Value: White=0.05 (flawless) /Black=0.03 (flawless)} 1/2-1/2

[Event "85th Tata Steel Masters 2023"]
[Site "Wijk aan Zee"]
[Date "2023.01.24"]
[Round "9.6"]
[White "Aronian, Levon"]
[Black "Van Foreest, Jorden"]
[Result "1/2-1/2"]
[ECO "D45"]
[WhiteElo "2735"]
[BlackElo "2681"]
[Annotator "TA"]
[PlyCount "61"]
[EventDate "2023.01.10"]
[EventType "tourn"]
[EventCountry "NED"]
[SourceTitle "playchess.com"]
[Source "ChessBase"]
[SourceQuality "1"]
[TimeControl "40/6000+30:30/3000+30:900+30"]

1. d4 d5 2. c4 c6 3. Nc3 Nf6 4. e3 e6 5. Nf3 Be7 6. Qc2 O-O 7. b3 dxc4 {[%emt 0:00:20] D45: Semi-Slav: 5 e3.} 8. Bxc4 b5 9. Be2 Bb7 {[%emt 0:08:23] The position is equal.} 10. O-O {[%emt 0:01:44] [#]} Nbd7 $146 ({Predecessor:} 10... a6 11. Bb2 Nbd7 12. Rfd1 Qc7 13. a4 b4 14. Nb1 Rac8 15. Nbd2 c5 16. Rac1 Qb8 {1-0 Zuluaga Mancilla,C (2219)-Nieto,A (2121) Manizales op 27th 2022 (7)}) 11. Bb2 Rc8 12. Rfd1 Qb6 13. Ne5 Rfd8 14. Nxd7 Rxd7 15. Bd3 a6 16. Ne4 Nxe4 17. Bxe4 f5 18. Bf3 c5 19. dxc5 Rxc5 20. Qe2 Bxf3 21. Qxf3 Qc6 22. Rxd7 Qxd7 23. Rd1 {[%emt 0:00:12] Repels Qd2} Rd5 24. Rxd5 Qxd5 25. Qxd5 exd5 $11 {[%emt 0:00:07][%mdl 4096] Endgame KB-KB} 26. Kf1 Kf7 27. Ke2 g6 28. h3 h5 29. Kd3 Ke6 30. f3 Bc5 31. Bc3 {[%emt 0:00:18] Weighted Error Value: White=0.02 (flawless) /Black=0.02 (flawless)} 1/2-1/2

[Event "85th Tata Steel Masters 2023"]
[Site "Wijk aan Zee"]
[Date "2023.01.24"]
[Round "9.7"]
[White "Erigaisi Arjun"]
[Black "Rapport, Richard"]
[Result "0-1"]
[ECO "E44"]
[WhiteElo "2722"]
[BlackElo "2740"]
[Annotator "TA"]
[PlyCount "50"]
[EventDate "2023.01.10"]
[EventType "tourn"]
[EventCountry "NED"]
[SourceTitle "playchess.com"]
[Source "ChessBase"]
[SourceQuality "1"]
[TimeControl "40/6000+30:30/3000+30:900+30"]

1. d4 Nf6 2. c4 e6 3. Nc3 Bb4 4. e3 b6 5. Nge2 Ne4 6. Qc2 Bb7 7. a3 Bxc3+ 8. Nxc3 Nxc3 9. Qxc3 d6 {[%emt 0:00:14] E44: Nimzo-Indian: Rubinstein: 4...b6 5 Ne2.} 10. b3 Qh4 11. Bb2 {[%emt 0:01:15][%cal Od4d5] [#]} Be4 $146 {[%emt 0:12:09] The position is equal.} ({Predecessor:} 11... Nd7 12. d5 O-O-O 13. Be2 exd5 14. cxd5 Nc5 15. O-O Bxd5 16. b4 Na4 17. Qd4 Qxd4 18. Bxd4 {½-½ Kaspi,A (2488)-Bar,R (2354) ISR-ch Ramat Aviv/Modiin 2000 (1)}) 12. Qd2 g5 13. h3 g4 14. O-O-O Rg8 15. Qe2 Qh5 16. Rg1 Nd7 17. Qe1 (17. Rh1 $11) 17... gxh3 $17 18. Be2 Qh6 {[%emt 0:02:55] [#] ...h2 would be deadly. Black has more active pieces.} 19. gxh3 O-O-O 20. Rg4 ({White should play} 20. h4 $1 $15) 20... f5 $19 21. Rxg8 Rxg8 22. h4 Rg2 ({Weaker is} 22... Qxh4 23. f3 Qxe1 24. Rxe1 $17) 23. h5 f4 24. f3 $2 (24. Bf1 Rh2 25. exf4 Qxf4+ 26. Qe3) 24... Qxh5 25. Bf1 {[%emt 0:01:08] [#]} (25. exf4 $19 Bxf3 26. Bxf3 Qxf3 27. Qf1) 25... Rc2+ {[%emt 0:00:33] Weighted Error Value: White=0.67/Black=0.01 (flawless)} ({Worse is} 25... Bxf3 26. Bxg2 Bxg2 27. exf4 $11) 0-1